 Dungeon Crawl Stone Soup version 0.28.0-45-g0d030f2227 (webtiles) character file.

Game seed: 11509728417070789115

2341 Peloso the Carver (level 9, -4/78 HPs)
             Began as a Minotaur Fighter on Apr 20, 2022.
             Was a Believer of Okawaru.
             Slain by an orc
             ... wielding a +0 halberd
              (8 damage)
             ... in a bailey.
             The game lasted 00:12:27 (6319 turns).

Peloso the Carver (Minotaur Fighter)                Turns: 6319, Time: 00:12:27

Health: -4/78      AC: 16    Str: 23    XL:     9   Next: 20%
Magic:  8/8        EV:  7    Int:  5    God:    Okawaru [**....]
Gold:   180        SH: 10    Dex: 12    Spells: 8/8 levels left

rFire   . . .      SeeInvis +   a - +0 long sword
rCold   . . .      Faith    .   c - +0 buckler
rNeg    . . .      Spirit   .   e - +0 plate armour
rPois   .          Reflect  +   B - +1 hat
rElec   .          Harm     .   (no cloak)
rCorr   .          Rampage  .   l - +0 pair of gloves
Will    .....                   (no boots)
Stlth   ..........              z - amulet of reflection
HPRegen 0.23/turn               s - ring of see invisible
MPRegen 0.11/turn               (no ring)

@: no status effects
A: horns 2, retaliatory headbutt
a: Renounce Religion, Heroism


You were in a bailey.
You worshipped Okawaru.
Okawaru was pleased with you.
You visited 2 branches of the dungeon, and saw 8 of its levels.
You also visited: Sewer and Bailey.

You collected 180 gold pieces.

Inventory:

Hand Weapons
 a - a +0 long sword (weapon)
Armour
 b - a +0 scale mail
 c - a +0 buckler (worn)
 e - a +0 plate armour (worn)
 l - a +0 pair of gloves (worn)
 B - a +1 hat (worn)
 C - a +0 plate armour
Jewellery
 s - a ring of see invisible (left hand)
 t - an amulet of regeneration
 v - a ring of ice
 w - a ring of protection from cold
 z - an amulet of reflection (around neck)
Wands
 r - a wand of acid (2)
Scrolls
 f - a scroll of immolation
 g - a scroll of teleportation
 i - 4 scrolls of identify
 m - 2 scrolls of enchant armour
 o - 3 scrolls of amnesia
 p - 3 scrolls of enchant weapon
 q - a scroll of noise
 y - a scroll of fear {unknown}
Potions
 d - a potion of might
 h - 2 potions of brilliance
 j - 2 potions of flight
 k - a potion of curing
 u - a potion of haste {unknown}
 x - a potion of cancellation {unknown}
 A - a potion of ambrosia {unknown}


   Skills:
 + Level 6.6 Fighting
 + Level 10.2 Long Blades
 + Level 8.2 Armour
 + Level 1.5 Dodging
 + Level 0.3 Stealth
 + Level 6.4 Shields


You had 8 spell levels left.
You didn't know any spells.
Your spell library contained the following spells:

 Spells                   Type           Power      Damage    Failure   Level
 Pain                     Necr           0%         1d4       100%        1
 Ensorcelled Hibernation  Hex/Ice        0%         N/A       100%        2
 Passwall                 Tmut/Erth      0%         N/A       100%        2
 Swiftness                Air            0%         N/A       100%        3
 Vampiric Draining        Necr           0%         2d6       100%        3
 Animate Skeleton         Necr           Unusable   N/A       N/A         1

Dungeon Overview and Level Annotations

Branches:
Dungeon (7/15)             Temple (1/1) D:5           Sewer (visited)
 Bailey (1/1)

Altars:
Ashenzari
Dithmenos
Elyvilon
Fedhas
Kikubaaqudgha
Makhleb
Nemelex Xobeh
Okawaru
Qazlal
Ru
Sif Muna
Trog
Vehumet
Xom
Yredelemnul
Zin
The Shining One


Innate Abilities, Weirdness & Mutations

You have a pair of horns on your head.
You reflexively headbutt those who attack you in melee.


Message History

You kill the orc!
Okawaru accepts your kill.
The centaur throws a javelin.
The javelin pierces through you but does no damage.
Unknown command.
Things that are here:
a +0 trident; a +0 chain mail The centaur throws a javelin.
The javelin closely misses you.
The centaur throws a javelin.
The javelin pierces through you but does no damage.
The centaur throws a javelin.
The javelin pierces through you but does no damage.
The centaur throws a javelin.
The javelin pierces through you but does no damage.
The centaur throws a javelin.
The javelin pierces through you.
* * * LOW HITPOINT WARNING * * *
The centaur throws a javelin.
The javelin pierces through you!
* * * LOW HITPOINT WARNING * * *
The centaur throws a javelin.
The javelin barely misses you.
The centaur throws a javelin.
The javelin pierces through you but does no damage.
The centaur throws a javelin.
The javelin pierces through you!
* * * LOW HITPOINT WARNING * * *
You feel better. You block the orc's attack.
The centaur throws a javelin.
The javelin barely misses you. Why would you want to do that?
The centaur throws a javelin.
The javelin pierces through you!
* * * LOW HITPOINT WARNING * * *
You block the orc's attack.
The centaur throws a javelin.
The javelin pierces through you.
* * * LOW HITPOINT WARNING * * *
The orc hits you but does no damage. You block the orc's attack.
The centaur barely misses you. You block the orc's attack.
The centaur throws a javelin.
The javelin pierces through you.
* * * LOW HITPOINT WARNING * * *
The javelin pierces through the orc.
The orc hits you from afar with a +0 halberd!
You die...

#.≈.≈≈)≈...≈.≈≈.≈.#
#.≈.≈.≈≈...≈≈.≈.≈.#
#.≈.≈.≈.⌠∩⌠.≈.≈.≈.#
#.≈.≈.≈..∩..≈.≈.≈o#
#.≈.≈.≈)⌠∩⌠.≈.≈.≈.#
#.≈.≈.≈≈...≈≈.≈.≈.#
#.≈.≈≈.≈co.≈.≈≈.≈o#
#.≈≈.≈.≈≈.≈≈.≈.≈≈.#
+..≈.≈≈@≈.≈.≈≈.≈..+
#....o≈≈...≈≈.....#
#.....o≈≈≈≈≈......#
#≈≈≈≈..o......≈≈≈≈#
####≈≈⌠$...$⌠≈≈####
##≈≈≈$.$≈≈≈##
##≈≈≈≈≈≈≈##
#########


You could see a centaur and 4 orcs.

Vanquished Creatures
  An unseen horror (D:5)
  Edmund (D:6)
  An acid dragon (D:7)
  A black bear (D:5)
  An orc warrior (D:7)
  A sky beast (D:5)
  2 ogres (D:6)
  A centaur (D:4)
  3 phantoms
  A kobold brigand (Sewer)
  Blork the orc (D:6)
  3 scorpions
  A water moccasin zombie (D:5)
  A water moccasin skeleton (D:5)
  A jelly (D:6)
  A bullfrog zombie (D:6)
  4 hounds
  2 orc priests
  2 bullfrog skeletons
  A centaur skeleton (D:7)
  3 iguanas (D:4)
  2 orc wizards
  A hound skeleton (D:4)
  7 adders
  2 river rats (Sewer)
  2 ufetubi
  An adder skeleton (D:4)
  A worm (D:3)
  2 dart slugs
  14 orcs
  7 ball pythons
  4 endoplasms
  7 giant cockroaches
  3 goblins
  6 hobgoblins
  6 jackals
  4 quokkas
  9 bats
  4 frilled lizards
  24 kobolds
  11 rats
  5 bushes (D:3)
155 creatures vanquished.

Vanquished Creatures (others)
  15 plants
15 creatures vanquished.

Grand Total: 170 creatures vanquished

Notes
Turn   | Place    | Note
-------+----------+-------------------------------------------
     0 | D:1      | Peloso the Minotaur Fighter began the quest for the Orb.
     0 | D:1      | Reached XP level 1. HP: 19/19 MP: 0/0
    75 | D:1      | Reached XP level 2. HP: 6/27 MP: 1/1
   541 | D:1      | Found a faded altar of an unknown god.
   908 | D:1      | Reached XP level 3. HP: 33/33 MP: 2/2
  1354 | D:2      | Noticed a phantom
  1384 | D:2      | Killed a phantom
  1385 | D:2      | Reached skill level 3 in Long Blades
  1385 | D:2      | Reached skill level 1 in Dodging
  1385 | D:2      | Reached XP level 4. HP: 6/40 MP: 3/3
  1782 | D:2      | Reached XP level 5. HP: 44/47 MP: 4/4
  2024 | D:3      | Found a glowing drain.
  2056 | Sewer    | Entered a sewer
  2062 | Sewer    | Reached skill level 5 in Armour
  2176 | Sewer    | Reached skill level 4 in Long Blades
  2318 | Sewer    | Found a white marble altar of Elyvilon.
  2387 | D:3      | Reached XP level 6. HP: 37/53 MP: 5/5
  2554 | D:3      | Reached skill level 5 in Long Blades
  3686 | D:4      | Reached skill level 6 in Long Blades
  3686 | D:4      | Reached XP level 7. HP: 60/60 MP: 6/6
  3705 | D:4      | Reached skill level 5 in Fighting
  3808 | D:4      | Reached skill level 5 in Shields
  4176 | D:4      | Reached skill level 7 in Long Blades
  4336 | D:5      | Entered Level 5 of the Dungeon
  4710 | D:5      | Found a staircase to the Ecumenical Temple.
  4744 | D:5      | Reached XP level 8. HP: 56/69 MP: 7/7
  4746 | Temple   | Entered the Ecumenical Temple
  4792 | Temple   | Became a worshipper of Warmaster Okawaru
  4921 | D:5      | Reached skill level 8 in Long Blades
  5072 | D:5      | Noticed an unseen horror
  5080 | D:5      | Killed an unseen horror
  5590 | D:6      | Noticed Edmund
  5602 | D:6      | Reached * piety under Okawaru
  5613 | D:6      | Killed Edmund
  5614 | D:6      | Reached skill level 9 in Long Blades
  5646 | D:6      | Noticed Blork the orc
  5651 | D:6      | Killed Blork the orc
  5914 | D:6      | Reached XP level 9. HP: 76/78 MP: 8/8
  6156 | D:7      | Reached skill level 10 in Long Blades
  6159 | D:7      | Reached ** piety under Okawaru
  6190 | D:7      | Found a flagged portal.
  6201 | Bailey   | Entered a bailey
  6308 | Bailey   | HP: 3/78 [centaur/javelin (8)]
  6319 | Bailey   | Slain by an orc

Illustrated notes

Levels and vault maps discovered:
D:1:      doesnt_arrival_eight_statues, layout_loops_ring,
          hellmonk_ecumenical_altar_run_dry
D:2:      layout_rooms, serial_bayou_pond_b
D:3:      layout_rooms, portal_sewer_entry_f, lexackson_kobold_supper
D:4:      nicolae_BIG_FREAKIN_CUBE, layout_loops_ring, st_stairs_14
D:5:      layout_basic, minmay_temple_entry_statues_fountains, serial_glass,
          glass_columns_a, glass_columns_c, serial_bayou_pond_a
D:6:      layout_gridville, abandoned_shop, uniq_edmund, uniq_blork_the_orc
D:7:      layout_loops_ring, enter_bailey_2, amcnicky_mini_pool_small,
          uniq_pikel, uniq_prince_ribbit1, uniq_crazy_yiuf_cottage
Temple:   compressed_dpeg_triangle_lava_temple
Bailey:   bailey_polearm_flooded_kennysheep, bailey

Skill      XL: |  1  2  3  4  5  6  7  8  9 |
---------------+----------------------------+-----
Fighting       | 4 5 6 |  6.6
Armour         | 4 5 6 8 |  8.2
Shields        | 4 5 6 |  6.4
Long Blades    | 3 4 6 7 9 10 | 10.2
Dodging        | 1 |  1.5
Stealth        | |  0.3

Action                   |  1- 3 |  4- 6 |  7- 9 || total
-------------------------+-------+-------+-------++-------
Melee: Long sword        |    88 |   378 |   245 ||   711
       Headbutt          |     7 |   104 |    43 ||   154
Invok: Heroism           |       |       |     1 ||     1
Evoke: Wand              |       |       |     2 ||     2
  Use: Scroll            |     2 |     1 |     5 ||     8
       Potion            |     1 |     2 |     2 ||     5
Armor: Scale mail        |    49 |       |       ||    49
       Plate armour      |       |   128 |   200 ||   328
Dodge: Dodged            |    59 |    69 |    95 ||   223
Block: Buckler           |    28 |    45 |    70 ||   143
